 Dungeon Crawl Stone Soup version 0.26-a0-346-g33516b1736 (webtiles) character file.

Game seed: 17626806659493791523

1362 Glokmah the Prestidigitator (level 8, 0/40 HPs)
             Began as a Spriggan Artificer on July 17, 2020.
             Was a Follower of Vehumet.
             Succumbed to a worker ant's poison
             ... on level 6 of the Dungeon.
             The game lasted 00:23:02 (11241 turns).

Glokmah the Prestidigitator (Spriggan Artificer)   Turns: 11241, Time: 00:23:03

Health: 0/40       AC:  5    Str:  8    XL:     8   Next: 37%
Magic:  16/16      EV: 22    Int: 15    God:    Vehumet [*.....]
Gold:   354        SH:  6    Dex: 16    Spells: 16/17 levels left

rFire    . . .     SeeInvis +   a - +1 club (spect)
rCold    . . .     Faith    .   s - +0 buckler {AC+3}
rNeg     . . .     Spirit   .   G - +0 robe
rPois    .         Reflect  .   (helmet restricted)
rElec    .         Harm     .   (no cloak)
rCorr    .                      (gloves unavailable)
MR       +....                  (boots unavailable)
Stlth    +++.......             n - amulet of magic regeneration
HPRegen  0.13/turn              x - ring of see invisible
MPRegen  0.40/turn              (no ring)

@: lethally poisoned (0 -> -4), very quick
A: very small, unfitting armour, see invisible, speed 3
a: Renounce Religion


You were on level 6 of the Dungeon.
You worshipped Vehumet.
Vehumet was aware of your devotion.
You visited 2 branches of the dungeon, and saw 7 of its levels.

You collected 354 gold pieces.

Inventory:

Hand Weapons
 a - a +1 spectral club (weapon)
 b - a +0 hunting sling
 c - a +0 falchion of holy wrath
Missiles
 g - 26 poisoned darts (quivered)
 y - 4 boomerangs
 C - 162 stones
 F - 17 sling bullets
Armour
 s - a +0 buckler of protection (worn)
 G - a +0 robe (worn)
Jewellery
 n - an amulet of magic regeneration (around neck)
 x - a ring of see invisible (left hand)
Wands
 d - a wand of enslavement (13)
 e - a wand of random effects (15)
 t - a wand of digging (5)
 u - a wand of flame (6)
 A - a wand of paralysis (11)
Scrolls
 i - a scroll of teleportation
 l - 2 scrolls of amnesia
 q - 2 scrolls of remove curse
 r - 3 scrolls of blinking
 B - a scroll of magic mapping
Potions
 f - a potion of cancellation
 h - a potion of might {unknown}
 j - a potion of lignification
 k - a potion of berserk rage
 m - a potion of magic
 o - 2 potions of stabbing
 v - 4 potions of curing
 w - 3 potions of ambrosia
 z - a potion of heal wounds {unknown}
 D - a potion of haste {unknown}


   Skills:
 + Level 3.3 Fighting
 + Level 7.0 Dodging
 - Level 4.0 Stealth
 + Level 2.1 Shields
 + Level 5.0 Spellcasting
 * Level 1.4 Conjurations
 + Level 0.0 Fire Magic
 - Level 8.1 Evocations


You had 16 spell levels left.
You knew the following spells:

 Your Spells              Type           Power        Failure   Level
a - Foxfire               Conj/Fire      #...         17%         1
Your spell library was empty.

Dungeon Overview and Level Annotations

Branches:
Dungeon (6/15)             Temple (1/1) D:4

Altars:
Dithmenos
Fedhas
Hepliaklqana
Makhleb
Ru
Trog
Uskayaw
Vehumet
Wu Jian
Yredelemnul
Zin
The Shining One

Annotations:
D:3 exclusion: oklob plant


Innate Abilities, Weirdness & Mutations

You are very small and have problems with some larger weapons.
You are too small for most types of armour.
You have supernaturally acute eyesight. (SInv)
You cover ground extremely quickly.


Message History

You draw out your weapon's spirit!
You closely miss the orc warrior.
The orc warrior is moderately wounded.
Your spectral weapon closely misses the orc warrior.
The orc warrior closely misses you. The worker ant bites you.
You are poisoned.
The worker ant poisons you!
You hit the orc warrior but do no damage.
The orc warrior is moderately wounded.
You feel sick.
Your spectral weapon hits the orc warrior.
The worker ant completely misses you.
The orc warrior hits you with a +0 long sword!
* * * LOW HITPOINT WARNING * * *
You feel sick.
Something hits your spectral weapon but does no damage.
Something hits your spectral weapon!
Your spectral weapon shares its damage with you!
* * * LOW HITPOINT WARNING * * *
You die...

######.##.###
#...........#
#.####.##.#.#
#...<...#
#.##....# #
#.##....#
##.#....#..#
..........>#
.#.....@..##
#####..###
##.# #
#.a####.#
#.(.o...#
#.###.###..#
...#o....#
##..#.###.#
## #. .#


You could see a worker ant and a friendly +1 spectral club (summoned).

Vanquished Creatures
  A phantom (D:5)
  A water moccasin (D:5)
  A sky beast (D:5)
  An ice beast (D:5)
  3 ogres
  A centaur (D:5)
  A bullfrog (D:6)
  A scorpion (D:4)
  A jelly (D:5)
  An orc priest (D:4)
  A hound (D:4)
  A bullfrog skeleton (D:6)
  2 orc wizards
  Terence (D:2)
  3 worker ants
  10 orcs
  A worker ant zombie (D:5)
  6 adders
  6 river rats (D:5)
  3 white imps
  An ooze (D:2)
  2 worms
  A dart slug (D:3)
  2 leopard geckos
  8 bats
  4 giant cockroaches
  10 goblins
  5 hobgoblins
  11 jackals
  9 quokkas
  A ball python (D:3)
  6 frilled lizards
  A jackal skeleton (D:4)
  8 kobolds
  23 rats
138 creatures vanquished.

Vanquished Creatures (collateral kills)
  A giant cockroach (D:3)
  A ball python (D:3)
2 creatures vanquished.

Vanquished Creatures (others)
  An orc wizard (D:3)
  15 foxfires (D:5)
16 creatures vanquished.

Grand Total: 156 creatures vanquished

Notes
Turn   | Place    | Note
-------+----------+-------------------------------------------
     0 | D:1      | Glokmah the Spriggan Artificer began the quest for the Orb.
     0 | D:1      | Reached XP level 1. HP: 9/9 MP: 2/2
   344 | D:1      | Reached XP level 2. HP: 13/14 MP: 3/3
  1084 | D:1      | Reached skill level 1 in Fighting
  1709 | D:2      | Reached XP level 3. HP: 13/18 MP: 5/5
  1716 | D:2      | Reached skill level 1 in Spellcasting
  2123 | D:2      | Noticed Terence
  2165 | D:2      | Killed Terence
  2165 | D:2      | Reached skill level 5 in Evocations
  2165 | D:2      | Reached XP level 4. HP: 22/22 MP: 5/7
  2230 | D:2      | Found a faded altar of an unknown god.
  3070 | D:3      | Found a blossoming altar of Fedhas.
  3472 | D:3      | Reached XP level 5. HP: 25/25 MP: 9/9
  4436 | D:3      | Noticed an oklob plant
  5215 | D:4      | Reached skill level 5 in Dodging
  5527 | D:4      | Reached skill level 6 in Evocations
  5803 | D:4      | Reached XP level 6. HP: 29/30 MP: 11/11
  5873 | D:4      | Found a staircase to the Ecumenical Temple.
  5883 | Temple   | Entered the Ecumenical Temple
  6053 | Temple   | Became a worshipper of Vehumet
  7570 | D:4      | HP: 1/30 [ogre/+0 giant club (4)]
  7955 | D:5      | Entered Level 5 of the Dungeon
  7968 | D:5      | Reached skill level 7 in Evocations
  8020 | D:5      | Noticed a sky beast
  8036 | D:5      | Killed a sky beast
  8036 | D:5      | Reached skill level 1 in Shields
  8036 | D:5      | Reached XP level 7. HP: 28/35 MP: 11/13
  8978 | D:5      | Reached skill level 8 in Evocations
  9857 | D:5      | Reached XP level 8. HP: 36/40 MP: 15/15
  9866 | D:5      | Reached * piety under Vehumet
  9866 | D:5      | Offered knowledge of Foxfire by Vehumet.
 10108 | D:4      | Learned a level 1 spell: Foxfire
 10580 | D:5      | Found a hazy altar of Hepliaklqana.
 10647 | D:5      | Reached skill level 1 in Conjurations
 10947 | D:6      | Reached skill level 5 in Spellcasting
 11240 | D:6      | HP: 1/40 [something/+0 long sword (5)]
 11241 | D:6      | Succumbed to a worker ant's poison

Illustrated notes

Levels and vault maps discovered:
D:1:      saegor_arrival_simple_b, layout_loops_ring
D:2:      layout_basic, chequers_ecumenical_altar_island, uniq_terence
D:3:      layout_loops_corners, tgw_fedhas, roderic_lattice_a
D:4:      layout_basic, minmay_temple_entry_gardened_gates,
          ebering_dispersal_statue_hall, kennysheep_generic_room_4
D:5:      lemuel_ratsnest, layout_basic, marbit_many_paths,
          kennysheep_small_circle
D:6:      layout_basic, lemuel_blue_sif_altar, minmay_checkerbox
Temple:   jpeg_temple_alley_garden

Skill      XL: |  1  2  3  4  5  6  7  8 |
---------------+-------------------------+-----
Stealth        | 2 3 4 |  4.0
Fighting       | 1 2 3 |  3.3
Dodging        | 4 5 6 7 |  7.0
Spellcasting   | 1 2 3 4 5 |  5.0
Evocations     | 5 6 7 8 |  8.1
Shields        | 1 2 |  2.1
Conjurations   | 1 |  1.4

Action                   |  1- 3 |  4- 6 |  7- 9 || total
-------------------------+-------+-------+-------++-------
Melee: Club              |   102 |   257 |   217 ||   576
       Falchion          |       |       |    22 ||    22
Throw: Dart              |    12 |    50 |    20 ||    82
 Cast: Foxfire           |       |       |     8 ||     8
Evoke: Wand              |     1 |     8 |     2 ||    11
  Use: Scroll            |       |    14 |     4 ||    18
 Stab: Sleeping          |     2 |     5 |     5 ||    12
       Distracted        |     1 |     5 |     3 ||     9
Armor: Robe              |     7 |    35 |    47 ||    89
Dodge: Dodged            |   109 |   272 |   231 ||   612
Block: Buckler           |       |    11 |    73 ||    84
       Rpst.: Falchion   |       |       |     6 ||     6

Table legend:
 A = Non-vault XP
 B = Vault XP
 C = Vault XP percentage of total XP
 D = Non-vault monster count
 E = Vault monster count
 F = Vault count percentage of total count
                 A         B        C        D         E       F
            +---------+---------+-------+---------+---------+-------
      Total |    1600 |     346 |  17.8 |     106 |      34 |  24.3
            +---------+---------+-------+---------+---------+-------
        D:1 |      27 |       0 |   0.0 |      18 |       0 |   0.0
        D:2 |      73 |      32 |  30.5 |      24 |       1 |   4.0
        D:3 |     119 |       0 |   0.0 |      31 |       0 |   0.0
        D:4 |     412 |       0 |   0.0 |      16 |       0 |   0.0
        D:5 |     876 |     274 |  23.8 |      16 |      32 |  66.7
        D:6 |      93 |      40 |  30.1 |       1 |       1 |  50.0
            +---------+---------+-------+---------+---------+-------
